cohdb
Replays
Latest Replays
All Replays
Popular Replays
Top Player Replays
Match Explorer
How It Works
Community
CoH3 Stats
Reddit
Sign in to upload your games and track your stats! →
Sign in with Steam
Match 42563612
Unlisted
Match 42563612
Overview
Messages
Build Orders
End
Construct Barracks
Riflemen Squad
1⁄4-ton 4x4 Truck
Riflemen Squad
Riflemen Squad
Grenade Package
Infantry Support Center
Construct Medical Station
Selects Heavy Weapons
Selects M2HB .50cal Heavy Machine Gun
Construct Weapon Support Center
aaaJJ
(502) Bad Gateway
0
0
Comments
sign in to comment!
No comments posted yet!